Map: [ESL] Tropical Sacrifice

Players

Bunny - Winner!

  • Race: Terran Terran
  • Spawn Location: 1:00

Serral

  • Race: Zerg Zerg
  • Spawn Location: 7:00

Event: DreamHack SC2 Masters 2022 Atlanta (Offline)

VOD

Have the link to the VOD?

Description

Time

  • Played on: Nov. 20, 2022, 12:52 p.m.
  • Length: 12:56

All games in this series

Show
View Real Time Build Order
Export as new Build Order

Bunny Terran - Winner!

Build Orders: Command Center First (CC), Banshee Rush 

Get SALT Encoding   

  12  0:00  SCV  
  13  0:12  SCV  
  14  0:17  Supply Depot  
  14  0:24  SCV  
  15  0:39  SCV  
  16  0:51  SCV  
  17  1:00  Command Center  
  17  1:03  SCV  
  18  1:14  Barracks  
  18  1:17  SCV  
  19  1:22  Refinery  
  19  1:29  SCV  
  19  1:31  Refinery  
  20  1:41  SCV  
  21  1:53  SCV  
  22  2:01  Marine  
  22  2:05  Orbital Command  
  23  2:13  Factory  
  23  2:19  Orbital Command  
  23  2:22  Barracks Reactor  
  23  2:31  SCV  
  24  2:43  SCV  
  25  2:46  SCV  
  26  2:55  Supply Depot, SCV  
  26  2:56  Hellion  
  26  2:58  SCV, Starport  
  30  3:01  Marine  
  30  3:03  Marine  
  32  3:09  SCV  
  32  3:10  SCV  
  34  3:21  SCV  
  34  3:22  SCV  
  36  3:27  Supply Depot, Hellion x2, Barracks Tech Lab  
  36  3:33  SCV  
  41  3:34  SCV  
  42  3:45  SCV  
  42  3:47  SCV  
  44  3:49  Command Center  
  44  3:52  Banshee  
  47  3:55  Cloaking Field  
  47  3:57  Barracks Tech Lab  
  47  4:00  SCV  
  47  4:01  SCV  
  49  4:06  Supply Depot  
  49  4:12  SCV  
  49  4:13  SCV  
  49  4:16  Marine  
  49  4:17  Stimpack  
  52  4:24  SCV  
  52  4:25  SCV  
  52  4:28  Armory  
  54  4:34  Engineering Bay x2, Marine  
  54  4:36  Banshee  
  54  4:37  Supply Depot  
  58  4:39  SCV x2  
  58  4:40  Barracks  
  60  4:46  Factory Reactor  
  60  4:49  Barracks  
  60  4:51  SCV x2  
  62  5:01  Orbital Command  
  62  5:03  Supply Depot, Refinery x2  
  62  5:08  SCV x2  
  62  5:14  Terran Infantry Armor Level 1, Terran Infantry Weapons Level 1, Marine  
  64  5:20  Barracks  
  65  5:26  Barracks  
  65  5:29  SCV x2  
  65  5:32  Orbital Command, Marine x2  
  69  5:35  Starport Reactor  
  69  5:36  Supply Depot  
  69  5:39  Siege Tank  
  69  5:41  SCV x2  
  74  5:43  Marine  
  74  5:45  Marine  
  74  5:46  Marine  
  77  5:50  Marine  
  77  5:52  Supply Depot x2, Marine  
  77  5:56  Combat Shield  
  79  6:01  Marine  
  79  6:03  Marine  
  81  6:06  Marine  
  81  6:07  Marine  
  81  6:09  Marine  
  82  6:13  Medivac  
  82  6:14  Medivac  
  82  6:17  Barracks Reactor x2  
  82  6:18  SCV x2, Marine  
  84  6:21  Marine  
  84  6:22  SCV  
  84  6:23  Siege Tank, Marine  
  91  6:30  SCV x2  
  91  6:31  Marine x2  
  92  6:34  SCV  
  92  6:36  Marine  
  92  6:39  Marine  
  95  6:41  Refinery, Marine  
  95  6:43  Supply Depot, Medivac  
  95  6:44  Medivac  
  100  6:48  Marine  
  100  6:49  Marine  
  100  6:51  SCV x3  
  105  6:54  Marine  
  105  6:56  Factory  
  105  6:57  Marine  
  105  6:58  Armory  
  105  6:59  Marine  
  108  7:05  Supply Depot x2, Marine x4  
  108  7:06  Supply Depot, Marine  
  108  7:07  Marine  
  114  7:10  SCV x3  
  114  7:12  Widow Mine, Marine  
  120  7:15  Marine  
  120  7:16  Medivac  
  120  7:17  Medivac  
  125  7:28  Marine x3  
  125  7:37  Marine x6  
  125  7:40  SCV x3  
  125  7:43  Command Center  
  132  7:44  Supply Depot x2, Factory Reactor  
  132  7:47  Medivac x2  
  132  7:49  Marine x3  
  138  7:53  Widow Mine  
  140  8:02  SCV x3  
  140  8:05  Sensor Tower  
  143  8:07  Marine x7  
  149  8:14  Widow Mine  
  149  8:15  Terran Infantry Weapons Level 2  
  149  8:18  Terran Infantry Armor Level 2  
  148  8:23  Widow Mine x2  
  152  8:31  Refinery  
  152  8:33  Supply Depot, Barracks x2  
  152  8:35  Barracks  
  152  8:36  Widow Mine  
  156  8:41  Marauder  
  156  8:45  Widow Mine x2  
  160  8:52  Marine x5  
  160  8:54  Marine x3  
  168  8:57  Widow Mine  
  170  9:05  Marauder  
  170  9:06  Widow Mine x2  
  176  9:10  Medivac x2, Marine x5  
  176  9:12  Marine x2  
  187  9:22  Barracks Tech Lab x2  
  187  9:24  Barracks Tech Lab  
  187  9:25  Concussive Shells  
  187  9:27  Widow Mine  
  184  9:34  Widow Mine x2  
  188  9:40  Medivac, Marauder  
  187  9:47  Command Center  
  187  9:50  Medivac  
  187  9:53  Widow Mine  
  187  9:56  Widow Mine x2  
  187  9:59  Marauder x3, Marine x3  
  160  10:02  Marauder  
  160  10:10  Medivac  
  161  10:14  Widow Mine  
  161  10:17  Widow Mine, Marine x2  
  161  10:18  Planetary Fortress  
  161  10:20  Medivac  
  161  10:21  Marauder x3  
  163  10:23  Marauder, Marine  
  163  10:24  Marine x5  
  169  10:34  Marine  
  169  10:35  Marine  
  163  10:40  Medivac  
  163  10:41  Marine  
  163  10:42  Marauder, Marine  
  167  10:44  Marauder x3  
  167  10:49  Marine x4  
  165  10:50  Liberator  
  165  10:52  Marine x2  
  170  10:59  Marine  
  171  11:09  Marauder  
  171  11:10  Marauder x3  
  172  11:12  Marine x5  
  172  11:13  Marine x2  
  179  11:27  Widow Mine x3  
  179  11:28  Liberator  
  179  11:31  Marauder x2  
  192  11:33  Liberator  
  192  11:39  Marauder x2, Marine x2  
  199  11:46  Marine  
  199  11:47  Marine x5  
  188  11:48  Widow Mine x2  
  188  11:49  Widow Mine  
  188  11:52  Marauder, Marine  
  190  11:56  Marine  
  190  11:57  Marine  
  190  12:00  Marauder  
  190  12:01  Marauder  
  187  12:06  Marine x3  
  163  12:10  Widow Mine x3, Planetary Fortress  
  163  12:11  Medivac  
  162  12:16  Medivac, Marine x5  
  167  12:28  SCV x3  
  170  12:31  Widow Mine x3  
  176  12:40  SCV  
  176  12:41  SCV x2  
Show
View Real Time Build Order
Export as new Build Order

Serral Zerg 

Build Orders: Hatch First 

Get SALT Encoding   

  12  0:00  Drone  
  13  0:12  Overlord  
  13  0:18  Drone  
  14  0:31  Drone x2  
  16  0:49  Hatchery  
  15  0:52  Drone  
  15  0:56  Drone  
  17  0:59  Drone  
  18  1:10  Extractor  
  17  1:15  Spawning Pool  
  17  1:18  Drone  
  17  1:21  Drone  
  18  1:29  Drone  
  19  1:40  Drone  
  20  1:50  Drone  
  21  2:01  Queen x2  
  21  2:02  Zergling x4  
  27  2:12  Overlord  
  27  2:13  Drone  
  28  2:26  Hatchery  
  28  2:27  Drone  
  28  2:31  Drone  
  28  2:33  Drone  
  28  2:35  Drone  
  31  2:40  Metabolic Boost  
  31  2:47  Queen  
  33  2:52  Overlord  
  33  2:54  Drone  
  33  2:56  Drone  
  35  2:59  Drone  
  36  3:09  Overlord  
  36  3:12  Drone x3  
  39  3:14  Drone  
  39  3:17  Drone  
  39  3:19  Queen  
  43  3:27  Queen, Drone  
  43  3:28  Drone  
  46  3:39  Queen, Overlord  
  46  3:41  Zergling x4  
  49  3:45  Drone x2  
  52  3:53  Overlord  
  52  3:55  Zergling x2, Queen  
  54  3:58  Drone  
  54  3:59  Drone  
  57  4:03  Zergling x2  
  57  4:04  Queen  
  57  4:06  Drone  
  61  4:10  Drone x2  
  61  4:14  Drone x2  
  65  4:19  Overlord  
  65  4:20  Zergling x2  
  65  4:21  Drone  
  65  4:23  Queen  
  69  4:27  Drone x2  
  69  4:28  Drone  
  69  4:30  Drone  
  73  4:34  Lair  
  73  4:37  Spore Crawler  
  73  4:38  Overlord  
  72  4:39  Drone  
  73  4:47  Overlord x2  
  73  4:49  Baneling Nest  
  72  4:55  Zergling x2  
  72  4:59  Spore Crawler, Extractor  
  71  5:00  Spore Crawler  
  71  5:02  Zergling x4  
  71  5:03  Drone x6  
  71  5:05  Drone  
  80  5:07  Drone  
  80  5:08  Drone  
  80  5:11  Drone  
  82  5:16  Drone x4  
  86  5:22  Hatchery  
  86  5:24  Drone  
  86  5:25  Drone  
  87  5:29  Extractor  
  87  5:30  Extractor  
  87  5:32  Drone x5  
  89  5:37  Centrifugal Hooks  
  89  5:39  Overseer  
  89  5:40  Evolution Chamber  
  89  5:41  Evolution Chamber  
  89  5:42  Drone x3  
  90  5:48  Overlord  
  90  5:49  Extractor  
  89  5:51  Overlord  
  89  5:54  Burrow  
  89  5:55  Drone x4  
  93  5:58  Overlord  
  89  6:09  Queen  
  90  6:11  Zergling x12  
  90  6:16  Zerg Ground Armor Level 1, Zerg Melee Weapons Level 1  
  94  6:20  Zergling x12  
  94  6:24  Overlord  
  100  6:27  Overlord  
  100  6:34  Drone x3  
  100  6:35  Zergling x4  
  100  6:39  Drone  
  105  6:42  Drone x2  
  105  6:45  Drone x2  
  105  6:46  Drone x2  
  111  6:51  Drone  
  111  6:52  Drone  
  113  6:55  Baneling x7  
  113  6:56  Baneling x2  
  113  6:58  Drone x2  
  115  7:04  Zergling x10  
  115  7:05  Pneumatized Carapace  
  115  7:07  Zergling x8  
  124  7:14  Zergling x10  
  129  7:18  Queen  
  129  7:20  Zergling x12  
  129  7:22  Hatchery  
  136  7:26  Spore Crawler  
  136  7:29  Drone  
  124  7:31  Zergling x12  
  120  7:37  Zergling x2  
  120  7:40  Zergling x2, Baneling  
  120  7:41  Zergling x2, Baneling x3  
  120  7:43  Zergling x2  
  116  7:49  Zergling x18  
  122  7:54  Baneling x2  
  122  7:55  Zergling x2, Baneling x10  
  122  7:56  Zergling x6  
  122  7:58  Queen x2  
  126  8:00  Overseer  
  126  8:04  Overlord x2  
  126  8:05  Overlord  
  123  8:21  Infestation Pit  
  123  8:22  Queen  
  123  8:24  Zergling x10  
  129  8:27  Zergling x2  
  130  8:35  Zergling x12  
  130  8:40  Zergling x2  
  137  8:46  Spore Crawler, Drone  
  137  8:48  Queen  
  137  8:50  Spore Crawler  
  137  8:51  Zergling x6  
  139  8:57  Baneling x5, Overseer  
  139  9:00  Zergling x8  
  142  9:05  Zergling x6  
  145  9:10  Hive, Overlord x3  
  145  9:13  Baneling x3  
  145  9:15  Zerg Melee Weapons Level 2, Zerg Ground Armor Level 2, Overlord  
  145  9:23  Overlord  
  145  9:28  Zergling x16  
  147  9:31  Zergling x6  
  147  9:32  Hatchery  
  147  9:34  Baneling x7  
  149  9:41  Zergling x12  
  155  9:47  Zergling x6  
  142  9:58  Drone x3  
  142  9:59  Zergling x14  
  139  10:00  Baneling x6  
  139  10:01  Queen x3  
  139  10:06  Zergling x6  
  145  10:07  Baneling  
  145  10:08  Baneling x4  
  143  10:17  Zergling x14  
  143  10:21  Zergling x2  
  132  10:23  Adrenal Glands  
  132  10:26  Viper x2  
  138  10:33  Zergling x20  
  135  10:37  Zergling x2  
  131  10:42  Zergling x2  
  131  10:43  Zergling x4  
  131  10:47  Zergling x4  
  134  10:50  Zergling x4  
  134  10:55  Baneling x6  
  136  11:01  Zergling x18  
  136  11:02  Zergling x4  
  136  11:08  Zergling x6  
  136  11:10  Baneling x6  
  138  11:12  Zergling x6  
  138  11:15  Baneling x3, Overseer  
  138  11:16  Baneling  
  141  11:21  Zergling x10  
  141  11:25  Baneling x6  
  145  11:30  Zergling x24  
  157  11:36  Zergling x12  
  158  11:42  Zergling x2  
  158  11:43  Zergling x8  
  150  11:47  Zergling x4  
  150  11:51  Baneling x2  
  144  11:54  Zergling x18  
  144  11:56  Baneling x3  
  138  12:03  Zergling x18  
  138  12:08  Zergling x2, Baneling x4  
  129  12:09  Zergling x10  
  124  12:16  Zergling x4  
  124  12:23  Zergling x14, Baneling  
  124  12:24  Zergling x2, Hatchery  
  124  12:29  Baneling x3  
  129  12:33  Baneling x8  
Tags
 
Add a new tag
Caveats
  • Supply blocks, unpowered buildings, or Contaminate may cause inaccurate times.
  • Supply counts are checked every 10 seconds.